 Dungeon Crawl Stone Soup version 0.31.0-9-g3a7656b989 (webtiles) character file.

Game seed: 12338305602734307612

221 qw the Skirmisher (level 5, -4/29 HPs)
             Began as a Deep Elf Hunter on Feb 2, 2024.
             Incinerated by a bombardier beetle (6 damage)
             ... with a burning spray
             ... on level 4 of the Dungeon.
             The game lasted 00:00:12 (2852 turns).

qw the Skirmisher (Deep Elf Hunter)                 Turns: 2852, Time: 00:00:13

Health: -4/29      AC: 11    Str: 10    XL:     5   Next: 65%
Magic:  7/7        EV:  8    Int: 14    God:
Gold:   96         SH:  5    Dex: 18    Spells: 4/4 levels left

rFire   x . .        a - +0 shortbow
rCold   + + .        (shield currently unavailable)
rNeg    . . .        k - +2 ice dragon scales
rPois   .            (no helmet)
rElec   .            (no cloak)
rCorr   .            (no gloves)
SInv    +            (no boots)
Will    .....        l - amulet of reflection Stlth
                     b - ring of see invisible
HPRegen 0.24/turn    (no ring)
MPRegen 0.10/turn

%: reflection
@: on fire, about to teleport, glowing
A: no striking features
a: no special abilities


You were on level 4 of the Dungeon.
You visited 1 branch of the dungeon, and saw 5 of its levels.

You collected 96 gold pieces.


   Skills:
 + Level 1.5 Fighting
 - Level 9.0 Ranged Weapons
 - Level 1.0 Armour
 - Level 2.4 Dodging
 - Level 1.2 Stealth


You had 4 spell levels left.
You didn't know any spells.
Your spell library was empty.

Inventory:

Hand Weapons
 a - a +0 shortbow (weapon)
Armour
 d - a +0 leather armour of fire resistance
 e - a +0 ring mail
 k - +2 ice dragon scales (worn)
Jewellery
 b - a ring of see invisible (left hand)
 l - an amulet of reflection (around neck)
Potions
 c - a potion of might
 h - 2 potions of heal wounds
 i - a potion of mutation
 o - a potion of brilliance {unknown}

Dungeon Overview and Level Annotations

Branches:
Dungeon (5/15)
 Temple: D:4-7

Altars:

Shops:
D:2 =   D:3 [

Annotations:
D:2 1 runed translucent door, Crazy Yiuf


Message History

You shoot an arrow. The arrow closely misses the iguana.
You block the iguana's attack. The iguana barely misses you.
You shoot an arrow. The arrow hits the iguana!
The iguana is severely wounded.
You block the iguana's attack.
You shoot an arrow. The arrow hits the iguana.
The iguana is almost dead.
The iguana bites you.
You shoot an arrow. The arrow barely misses the iguana.
The iguana barely misses you.
The iguana bites you but does no damage.
You shoot an arrow. The arrow hits the iguana.
You kill the iguana!
Your Ranged Weapons skill increases to level 9!
You start resting.
HP restored.
You climb downwards.
The gnoll shouts!
The orc hits you but does no damage. The orc hits you with a +0 short sword.
The bombardier beetle sprays incendiary fluid at you.
The burning spray hits you.
You are covered in liquid fire!
There is a stone staircase leading up here.
2849 ||| STAIRDANCE The liquid fire burns you!
You block the orc's attack. The orc hits you but does no damage.
You shake off some of the fire as you move.
You climb upwards.
The liquid fire burns you!
There is a stone staircase leading down here.
You shoot an arrow.
The arrow hits the orc but does no damage.
The liquid fire burns you! The orc closely misses you.
The orc hits you but does no damage. The orc barely misses you.
The orc hits you but does no damage.
2852 ||| READING scroll of teleportation.
As you read the scroll of teleportation, it crumbles to dust.
You feel strangely unstable. The liquid fire burns you!
You die...

#¤¤¤¤¤¤¤¤.....##.#
#####.........##.####
#............[..#
#.........##.##..
#...).....##.....
#.........##..##.
#..<......##..##.
###o.......[##..##.
#.@o........#...###
####.##.......##.#.#
#............###.#.#
#........##### #...#
#........# #..##
####)..#.# #.##
###...##### #.#
#........###.#
#.######.##..##


You could see 2 orcs.

Vanquished Creatures
  An ogre (D:4)
  An iguana (D:4)
  4 adders
  4 dart slugs
  8 orcs
  9 ball pythons
  3 endoplasms
  2 giant cockroaches
  9 goblins
  6 hobgoblins
  2 jackals (D:1)
  2 quokkas (D:1)
  2 bats (D:1)
  3 frilled lizards
  4 kobolds
  3 rats (D:2)
63 creatures vanquished.

Notes
Turn   | Place    | Note
-------+----------+-------------------------------------------
     0 | D:1      | qw the Deep Elf Hunter began the quest for the Orb.
     0 | D:1      | Reached XP level 1. HP: 12/12 MP: 3/3
     0 | D:1      | 0 ||| qw: Version: 0.3-a-155-g5e7d8dd
     0 | D:1      | 0 ||| qw: Game counter: 1517
     0 | D:1      | 0 ||| qw: Melee chars always use a shield: true
     0 | D:1      | 0 ||| qw: God list: Okawaru
     0 | D:1      | 0 ||| qw: Allow faded altars: false
     0 | D:1      | 0 ||| qw: Do Orc after clearing Dungeon:15 true
     0 | D:1      | 0 ||| qw: Do second Lair branch before Depths: true
     0 | D:1      | 0 ||| qw: Lair rune preference: random
     0 | D:1      | 0 ||| qw: Goals: Normal
     0 | D:1      | 0 ||| PLANNING D:1-11
    83 | D:1      | Reached XP level 2. HP: 15/16 MP: 4/4
   101 | D:1      | Reached skill level 6 in Ranged Weapons
   482 | D:1      | Reached XP level 3. HP: 20/20 MP: 5/5
   630 | D:1      | 630 ||| UPGRADING to +0 leather armour of fire resistance.
   640 | D:1      | 640 ||| DROPPING +0 leather armour.
   641 | D:1      | 641 ||| DROPPING amulet of magic regeneration.
   642 | D:1      | 642 ||| READING 2 scrolls labelled YSODAS MUAPP.
   743 | D:1      | 743 ||| READING scroll labelled ECZORGHAROS.
   744 | D:1      | 744 ||| DROPPING scroll of butterflies.
   745 | D:1      | 745 ||| DROPPING scroll of vulnerability.
   839 | D:2      | Found Plog's Jewellery Shoppe.
   849 | D:2      | 849 ||| SHOPLISTING +4 ring of protection (360 gold, have
                  | 34).
   849 | D:2      | 849 ||| SHOPLISTING amulet of faith (400 gold, have 34).
   849 | D:2      | 849 ||| SHOPLISTING amulet of guardian spirit (300 gold,
                  | have 34).
   849 | D:2      | 849 ||| SHOPLISTING amulet of the acrobat (300 gold, have
                  | 34).
   849 | D:2      | 849 ||| SHOPLISTING ring of fire (250 gold, have 34).
   849 | D:2      | 849 ||| SHOPLISTING ring of positive energy (200 gold, have
                  | 34).
   849 | D:2      | 849 ||| SHOPLISTING ring of protection from fire (250 gold,
                  | have 34).
   849 | D:2      | 849 ||| SHOPLISTING ring of see invisible (150 gold, have
                  | 34).
  1007 | D:2      | Reached skill level 7 in Ranged Weapons
  1307 | D:2      | Found a runed translucent door.
  1308 | D:2      | Noticed Crazy Yiuf
  1311 | D:2      | 1311 ||| UPGRADING to +0 ring mail.
  1321 | D:2      | 1321 ||| UPGRADING to +0 ice dragon scales.
  1331 | D:2      | 1331 ||| UPGRADING to amulet of reflection.
  1336 | D:2      | 1336 ||| DROPPING ring of magical power.
  1337 | D:2      | 1337 ||| READING scroll labelled CUIVOW UXIEWAJ.
  1337 | D:2      | 1337 ||| IDENTIFYING dark potion
  1338 | D:2      | 1338 ||| READING scroll labelled GIMEDW WINE.
  1339 | D:2      | 1339 ||| READING scroll labelled ACHAUL IWOWOIRR.
  1340 | D:2      | 1340 ||| READING scroll labelled XAHURR JILOT.
  1663 | D:3      | Found Peleugyh's Armour Boutique.
  1671 | D:3      | Reached XP level 4. HP: 25/25 MP: 6/6
  1676 | D:3      | Reached skill level 1 in Armour
  1708 | D:3      | 1708 ||| SHOPLISTING +1 leather armour of the Mauling Hosts
                  | {rPois Int+4 SInv} (369 gold, have 52).
  1708 | D:3      | 1708 ||| SHOPLISTING +2 leather armour of cold resistance
                  | (228 gold, have 52).
  1708 | D:3      | 1708 ||| SHOPLISTING +3 leather armour of poison resistance
                  | (252 gold, have 52).
  1708 | D:3      | 1708 ||| SHOPLISTING +4 ring mail of cold resistance (372
                  | gold, have 52).
  2389 | D:3      | 2389 ||| READING scroll of identify.
  2389 | D:3      | 2389 ||| IDENTIFYING lumpy orange potion
  2390 | D:3      | 2390 ||| READING scroll labelled RIQEIP JAULAFI.
  2393 | D:3      | 2393 ||| READING scroll labelled JACIOCK UQEL.
  2394 | D:3      | 2394 ||| READING scroll labelled DUBOVV HIETROV.
  2394 | D:3      | 2394 ||| ENCHANTING +0 ice dragon scales.
  2395 | D:3      | 2395 ||| READING scroll labelled FIFIFE VUATHRAPY.
  2396 | D:3      | 2396 ||| READING scroll labelled KOINIO ZEXE.
  2397 | D:3      | 2397 ||| DRINKING 2 puce potions.
  2399 | D:3      | 2399 ||| Stepping ~*~*~tactically~*~*~ (cloud).
  2400 | D:3      | 2400 ||| DRINKING potion of curing.
  2400 | D:3      | 2400 ||| (to cure poison)
  2493 | D:4      | Identified the +1 whip of Tomorrow {speed, rF++ Will-
                  | Int+5}
  2598 | D:4      | Noticed an ogre
  2606 | D:4      | Killed an ogre
  2607 | D:4      | Reached skill level 8 in Ranged Weapons
  2607 | D:4      | Reached XP level 5. HP: 29/29 MP: 7/7
  2620 | D:4      | 2620 ||| READING scroll of enchant armour.
  2620 | D:4      | 2620 ||| ENCHANTING +1 ice dragon scales.
  2805 | D:4      | 2805 ||| UPGRADING to ring of see invisible.
  2806 | D:4      | 2806 ||| READING scroll of identify.
  2806 | D:4      | 2806 ||| IDENTIFYING bubbling ruby potion
  2807 | D:4      | 2807 ||| READING scroll labelled FAACUL ZIMOCRI.
  2820 | D:5      | Entered Level 5 of the Dungeon
  2822 | D:5      | 2822 ||| STAIRDANCE
  2831 | D:4      | Reached skill level 9 in Ranged Weapons
  2849 | D:5      | 2849 ||| STAIRDANCE
  2851 | D:4      | HP: 2/29 [burnt (9)]
  2852 | D:4      | 2852 ||| READING scroll of teleportation.
  2852 | D:4      | Incinerated by a bombardier beetle

Levels and vault maps discovered:
D:1:      dpeg_arrival_arbitrary_c, layout_loops_ring
D:2:      layout_loops_ring, serial_shops, nicolae_shop_tiny_glass,
          kennysheep_decorative_pillar, amcnicky_mini_corridor_feature,
          minmay_misc_feat_room, minmay_domino_2, uniq_crazy_yiuf_cottage
D:3:      layout_basic, serial_shops, shop, skrybe_limestone_x
D:4:      layout_rooms
D:5:      layout_cave_pods, st_stairs_2

Skill      XL: |  1  2  3  4  5 |
---------------+----------------+-----
Ranged Weapons | 6 7 8 9 |  9.0
Armour         | 1 |  1.0
Fighting       | |  1.5
Dodging        | |  2.4
Stealth        | |  1.2

Action                     |  1- 3 |  4- 6 || total
---------------------------+-------+-------++-------
   Fire: Shortbow          |    98 |    89 ||   187
    Use: Scroll            |     6 |    10 ||    16
         Potion            |       |     2 ||     2
 Armour: Leather armour    |     9 |       ||     9
         Ice dragon scales |     7 |    42 ||    49
  Dodge: Dodged            |     7 |    22 ||    29
  Block: Other             |     2 |    14 ||    16

Table legend:
 A = Non-vault XP
 B = Vault XP
 C = Vault XP percentage of total XP
 D = Non-vault monster count
 E = Vault monster count
 F = Vault count percentage of total count
                 A         B        C        D         E       F
            +---------+---------+-------+---------+---------+-------
      Total |     275 |      41 |  13.0 |      61 |       2 |   3.2
            +---------+---------+-------+---------+---------+-------
        D:1 |      44 |       0 |   0.0 |      24 |       0 |   0.0
        D:2 |      29 |       4 |  12.1 |      11 |       1 |   8.3
        D:3 |      52 |       0 |   0.0 |      18 |       0 |   0.0
        D:4 |     150 |      37 |  19.8 |       8 |       1 |  11.1
            +---------+---------+-------+---------+---------+-------
